 Dungeon Crawl Stone Soup version 0.27.1-34-g3ba077fa99 (webtiles) character file.

Game seed: 17140895582635069040

874 sankara the Ruffian (level 7, -2/52 HPs)
             Began as a Minotaur Transmuter on Jan 19, 2022.
             Slain by a gnoll (18 damage)
             ... on level 5 of the Dungeon.
             The game lasted 00:09:31 (5650 turns).

sankara the Ruffian (Minotaur Transmuter)           Turns: 5650, Time: 00:09:32

Health: -2/52      AC:  2    Str: 15    XL:     7   Next: 74%
Magic:  4/8        EV: 19    Int: 10    God:
Gold:   215        SH:  0    Dex: 17    Spells: 3/9 levels left

rFire    . . .     SeeInvis .     - Unarmed
rCold    . . .     Faith    .   (shield currently unavailable)
rNeg     . . .     Spirit   .   (armour currently unavailable)
rPois    x         Reflect  .   (helmet currently unavailable)
rElec    .         Harm     .   (cloak currently unavailable)
rCorr    .         Rampage  .   (gloves currently unavailable)
Will     .....                  (boots currently unavailable)
Stlth    ++........             n - amulet of regeneration
HPRegen  1.17/turn              (no ring)
MPRegen  0.11/turn              (no ring)

@: spider-form (expiring), wereblooded
A: venomous fangs, tiny, (horns 2), (retaliatory headbutt)
a: End Transformation


You were on level 5 of the Dungeon.
You were a venomous arachnid creature.
You visited 1 branch of the dungeon, and saw 5 of its levels.

You collected 215 gold pieces.

Inventory:

Missiles
 b - 113 stones
 g - 57 sling bullets
 o - 25 poisoned darts
Armour
 a - a +0 robe (melded)
Jewellery
 k - a ring of ice
 n - an amulet of regeneration (around neck)
 q - a ring of ice
Scrolls
 c - a scroll of blinking
 d - a scroll of identify
 f - 2 scrolls of magic mapping
 m - a scroll of vulnerability
 p - a scroll of amnesia
Potions
 h - a potion of cancellation
 l - 2 potions of magic
 r - a potion of haste


   Skills:
 - Level 1.2 Fighting
 - Level 2.1 Dodging
 + Level 6.2 Unarmed Combat
 - Level 1.5 Spellcasting
 * Level 5.1 Transmutations
 - Level 3.0 Poison Magic


You had 3 spell levels left.
You knew the following spells:

 Your Spells              Type           Power      Damage    Failure   Level
a - Beastly Appendage     Tmut           22%        N/A       13%         1
b - Wereblood             Tmut           11%        N/A       17%         2
c - Spider Form           Tmut/Pois      4%         N/A       38%         3

Your spell library contained the following spells:

 Spells                   Type           Power      Damage    Failure   Level
 Slow                     Hex            0%         N/A       67%         2
 Confusing Touch          Hex            0%         N/A       86%         3
 Vampiric Draining        Necr           0%         2d6       86%         3
 Ice Form                 Ice/Tmut       5%         N/A       89%         4


Dungeon Overview and Level Annotations

Branches:
Dungeon (5/15)
 Temple: D:4-7

Altars:
Makhleb


Innate Abilities, Weirdness & Mutations

You are a venomous arachnid creature.
You have poisonous fangs.
You are tiny and dextrous.
Your spellcasting is less reliable in this form.
Your armour is entirely melded.
You are incapable of wielding weapons or throwing items.
((You have a pair of horns on your head.))
((You reflexively headbutt those who attack you in melee.))


Message History

You hit the gnoll.
The gnoll is lightly wounded.
The gnoll misses you. x2
You completely miss the gnoll.
The gnoll is moderately wounded.
Your transformation is almost over.
The gnoll misses you. x2
You hit the gnoll.
The gnoll looks as sick as possible!
The gnoll is heavily wounded.
The gnoll completely misses you.
You barely miss the gnoll.
The gnoll is heavily wounded.
The gnoll misses you.
The gnoll hits you from afar with a +2 halberd of flaming!
The gnoll burns you.
You bite the gnoll!
You feel a bit better.
You kill the gnoll!
You bite the gnoll!
The gnoll is almost dead.
The gnoll closely misses you. The gnoll hits you with a +0 club.
You completely miss the gnoll.
The gnoll is almost dead.
The gnoll hits you from afar with a +2 halberd of flaming.
The gnoll burns you. The gnoll misses you.
You bite the gnoll!
You feel a bit better.
You kill the gnoll!
The gnoll misses you.
You hit the phantom.
The phantom is lightly damaged.
The phantom completely misses you. The gnoll misses you.
You hit the phantom but do no damage.
The phantom is lightly damaged.
You hiss as the wereblood boils in your veins!
The phantom barely misses you.
The gnoll hits you from afar with a +2 halberd of flaming!
The gnoll burns you.
* * * LOW HITPOINT WARNING * * *
The phantom hits you but does no damage.
The gnoll hits you from afar with a +2 halberd of flaming!!
You die...

*.........########*,..,,
********.........##.....##..,,,
***,,,,,,*....................,,,
,,,,,,,,,,........#..>....#*,,,.,
***,,,,,,,........##K.....#*,...,
********,,**,#..........##...., *
*,**,,#.####...........* *
***,**,*#.# #...........* ******
*,,,*,,*#s# #...........*
,,,,,***,**,,**#W#**######......*
,,,,,,,,,,,,**,Dg.,,* **......*
,,,***,,,,,,**.....,* **,......*
,,,,,,,,,**,*#......****,,*##.#.*
*,***,,,,,,,*#.......,,,,** *.#,*
*,,,,,,,,,,,,.......##*******,#,*
****,,,,,,,,........# **,,,,*,*
,,,,>,,,,,,,,*,,,,,,** **,,****,*


You could see a steam dragon, a phantom and a gnoll.

Vanquished Creatures
  Pikel (D:4)
  A lemure (D:4)
  2 orc priests
  A gnoll shaman (D:4)
  An iguana (D:4)
  4 orc wizards
  2 gnolls (D:5)
  13 adders
  3 worms
  4 dart slugs
  8 orcs
  6 bats
  7 endoplasms
  A giant cockroach (D:4)
  2 goblins
  6 hobgoblins
  4 jackals (D:2)
  A quokka (D:3)
  14 ball pythons
  6 frilled lizards
  12 kobolds
  3 rats
102 creatures vanquished.

Notes
Turn   | Place    | Note
-------+----------+-------------------------------------------
     0 | D:1      | sankara the Minotaur Transmuter began the quest for the
                  | Orb.
     0 | D:1      | Reached XP level 1. HP: 16/16 MP: 1/1
   615 | D:1      | Reached XP level 2. HP: 23/23 MP: 0/3
   889 | D:1      | Found a faded altar of an unknown god.
   966 | D:1      | Reached skill level 4 in Unarmed Combat
  1357 | D:2      | Learned a level 2 spell: Wereblood
  1406 | D:2      | Reached XP level 3. HP: 28/28 MP: 2/4
  1938 | D:2      | Found a burning altar of Makhleb.
  1973 | D:2      | Reached XP level 4. HP: 29/35 MP: 5/5
  2162 | D:2      | Learned a level 3 spell: Spider Form
  2856 | D:3      | Reached skill level 5 in Unarmed Combat
  2934 | D:3      | Reached skill level 1 in Poison Magic
  2978 | D:3      | Reached XP level 5. HP: 36/40 MP: 4/6
  4148 | D:3      | Reached XP level 6. HP: 47/47 MP: 5/7
  5280 | D:5      | Entered Level 5 of the Dungeon
  5464 | D:5      | Noticed Pikel
  5515 | D:5      | Noticed a steam dragon
  5523 | D:4      | Killed Pikel
  5524 | D:4      | Reached skill level 6 in Unarmed Combat
  5524 | D:4      | Reached skill level 5 in Transmutations
  5524 | D:4      | Reached XP level 7. HP: 9/52 MP: 1/8
  5650 | D:5      | Slain by a gnoll

Illustrated notes

Levels and vault maps discovered:
D:1:      lightli_arrival_flooded_house, layout_basic,
          shapermc_ecumenical_altar_flowoftime, st_stairs_4, minmay_pentomino_p4
D:2:      kennysheep_big_flooded_room, layout_basic, basic_altar
D:3:      layout_basic, palyth_stone_intersect, minmay_snake_closets
D:4:      layout_loops_cross
D:5:      layout_rooms, uniq_pikel

Skill      XL: |  1  2  3  4  5  6 |
---------------+-------------------+-----
Unarmed Combat | 4 5 6 |  6.2
Transmutations | 2 3 5 |  5.1
Poison Magic   | 1 3 |  3.0
Fighting       | |  1.2
Dodging        | |  2.1
Spellcasting   | |  1.5

Action                   |  1- 3 |  4- 6 |  7- 9 || total
-------------------------+-------+-------+-------++-------
Melee: Unarmed           |    83 |   140 |    16 ||   239
       Headbutt          |    10 |     9 |       ||    19
       Kick              |    14 |    20 |       ||    34
       Punch             |       |     3 |       ||     3
 Cast: Beastly Appendage |    23 |    29 |       ||    52
       Wereblood         |     1 |       |     1 ||     2
       Spider Form       |       |    13 |     2 ||    15
  Use: Scroll            |       |    10 |       ||    10
Armor: Robe              |    19 |     9 |       ||    28
       Skin              |       |     4 |     1 ||     5
Dodge: Dodged            |    52 |    93 |    13 ||   158
